 Dungeon Crawl Stone Soup version 0.31-a0-1139-gec03705108 (webtiles) character file.

Game seed: 10142043320651496324

107 Alfie the Covered (level 4, -4/40 HPs)
             Began as a Hill Orc Fighter on Dec 6, 2023.
             Killed by divine providence
             ... invoked by an orc priest
              (12 damage)
             ... on level 3 of the Dungeon.
             The game lasted 00:04:00 (1539 turns).

Alfie the Covered (Hill Orc Fighter)                Turns: 1539, Time: 00:04:01

Health: -4/40      AC:  7    Str: 20    XL:     4   Next: 85%
Magic:  4/4        EV:  9    Int:  8    God:
Gold:   196        SH:  4    Dex: 10    Spells: 3/3 levels left

rFire   . . .        a - +0 long sword
rCold   . . .        c - +0 buckler
rNeg    . . .        b - +0 scale mail
rPois   .            (no helmet)
rElec   .            i - scarf {repulsion}
rCorr   .            (no gloves)
SInv    .            (no boots)
Will    .....        (no amulet) Stlth
                     (no ring)
HPRegen 0.26/turn    (no ring)
MPRegen 0.09/turn

%: repel missiles
@: mighty
A: no striking features
a: Convert to Beogh


You were on level 3 of the Dungeon.
You visited 1 branch of the dungeon, and saw 3 of its levels.

You collected 196 gold pieces.

Inventory:

Hand Weapons
 a - a +0 long sword (weapon)
Missiles
 o - 4 boomerangs
Armour
 b - a +0 scale mail (worn)
 c - a +0 buckler (worn)
 e - a +0 cloak
 i - a scarf of repulsion (worn)
Jewellery
 h - a ring of ice
 m - the amulet "Ocrudue" {Reflect Harm rElec rC- rCorr SH+5}
   (You found it on level 2 of the Dungeon)

   [amulet of reflection]

   Reflect:   It reflects blocked missile attacks.
   rC-:       It makes you vulnerable to cold.
   rElec:     It insulates you from electricity.
   rCorr:     It protects you from acid and corrosion.
   SH+5:      It affects your SH (+5).
   Harm:      It increases damage dealt and taken.
 p - an amulet of regeneration
Scrolls
 f - 2 scrolls of fear {unknown}
 l - a scroll of immolation {unknown}
 n - a scroll of identify {unknown}
 q - a scroll of blinking {unknown}
Potions
 g - a potion of curing
 j - a potion of haste {unknown}
 k - a potion of resistance {unknown}


   Skills:
 + Level 4.2 Fighting
 + Level 3.7 Long Blades
 + Level 4.2 Armour
 + Level 0.4 Dodging
 + Level 3.5 Shields


You had 3 spell levels left.
You didn't know any spells.
Your spell library contained the following spells:

 Spells                   Type           Power      Damage    Failure   Level
 Ensorcelled Hibernation  Hex/Ice        0%         N/A       92%         2
 Jinxbite                 Hex            0%         N/A       92%         2
 Anguish                  Hex/Necr       0%         N/A       100%        4
 Summon Forest            Summ/Tloc      0%         N/A       100%        5
 Eringya's Noxious Bog    Tmut/Pois      0%         4d6       100%        6
 Summon Hydra             Summ           0%         N/A       100%        7


Dungeon Overview and Level Annotations

Branches:
Dungeon (3/15)

Altars:


Message History

The orc priest hits you but does no damage.
You closely miss the orc priest.
The orc priest is severely wounded.
The orc priest calls upon Beogh to heal the orc priest.
The orc priest's wounds heal themselves!
The orc priest invokes the aid of Beogh against you.
Beogh smites you!
* * * LOW HITPOINT WARNING * * *
The orc priest shouts, "Beogh is our master!
Accept the truth or die!"
You feel better. The orc priest hits you with a +0 mace.
* * * LOW HITPOINT WARNING * * *
You feel better.
The orc priest shouts, "Beogh is our master!
Accept the truth or die!"
The orc priest hits you but does no damage.
You barely miss the orc priest.
The orc priest is heavily wounded.
You block the orc priest's attack.
The orc priest calls upon Beogh to heal the orc priest.
The orc priest is healed somewhat.
The orc priest barely misses you.
The orc priest calls upon Beogh to heal the orc priest.
The orc priest's wounds heal themselves!
The orc priest threatens, "By the altar or by the axe, you will meet Beogh!"
The orc priest shouts, "Beogh is our master!
Accept the truth or die!"
You slash the orc priest!
The orc priest is severely wounded.
The orc priest shouts, "Join the one true god or die!"
The orc priest calls down the wrath of Beogh upon you.
Pain shoots through your body!
You barely miss the orc priest.
The orc priest is severely wounded.
The orc priest calls down the wrath of Beogh upon you.
Beogh smites you!
* * * LOW HITPOINT WARNING * * *
The orc priest hits you but does no damage.
The orc priest shouts, "Join the one true god or die!"
You slash the orc priest!
You kill the orc priest!
The orc priest mumbles some strange prayers to Beogh against you.
Beogh smites you!
You die...

.##.######.#......#.##
.##.# #.##.....#+##
###.# #............ .
###.# #..............
....# #.......#......
..### #.......#......
..########......##.S....
..#...........).##Ko....
..'.######......@)oK....
..#.######....####o.....
..#...........# .....
..#<..........# ....
..#.........(.# .#.
..............# #
....######....# ....#
#....# ....# #....#


You could see 2 orc priests, an orc, a ball python and 2 kobolds.

Vanquished Creatures
  An orc priest (D:3)
  Jessica (D:2)
  2 adders (D:3)
  A worm (D:3)
  A dart slug (D:3)
  5 orcs (D:3)
  An endoplasm (D:2)
  A giant cockroach (D:1)
  9 goblins
  3 hobgoblins
  7 jackals
  A quokka (D:1)
  4 ball pythons
  A frilled lizard (D:1)
  5 kobolds
  9 rats
52 creatures vanquished.

Notes
Turn   | Place    | Note
-------+----------+-------------------------------------------
     0 | D:1      | Alfie the Hill Orc Fighter began the quest for the Orb.
     0 | D:1      | Reached XP level 1. HP: 19/19 MP: 1/1
   127 | D:1      | Reached XP level 2. HP: 27/27 MP: 2/2
   495 | D:2      | Noticed Jessica
   519 | D:2      | Killed Jessica
   520 | D:2      | Reached XP level 3. HP: 5/33 MP: 3/3
   901 | D:2      | Reached XP level 4. HP: 40/40 MP: 4/4
   912 | D:2      | Identified the amulet "Ocrudue" {Reflect Harm rElec rC-
                  | rCorr SH+5}
  1163 | D:2      | Identified the +0 pair of gloves of Precision Catastrophes
                  | {rF+ Dex+4 Stlth-}
  1539 | D:3      | Killed from afar by an orc priest

Illustrated notes

Levels and vault maps discovered:
D:1:      dpeg_arrival_fog, layout_rooms,
          nicolae_concentric_dashed_squares_wild, minmay_cut_off
D:2:      layout_loops_ring, uniq_jessica
D:3:      layout_basic, serial_shops, nicolae_shop_pleasant_corner_grove,
          nrook_mini_backslash, kennysheep_generic_room_2

Skill      XL: |  1  2  3 |
---------------+----------+-----
Fighting       | 4 |  4.2
Armour         | 4 |  4.2
Long Blades    | 3 |  3.7
Dodging        | |  0.4
Shields        | |  3.5

Action                     |  1- 3 |  4- 6 || total
---------------------------+-------+-------++-------
  Melee: Long sword        |    95 |    61 ||   156
    Use: Potion            |       |     4 ||     4
 Armour: Scale mail        |    80 |    33 ||   113
  Dodge: Dodged            |    55 |    28 ||    83
         Repelled          |       |     2 ||     2
  Block: Buckler           |    18 |    16 ||    34

Table legend: (Time is in decaauts)
 A = Elapsed time spent in this place.
 B = Non-inter-level travel time spent in this place.
 C = Inter-level travel time spent in this place.
 D = Time resting spent in this place.
 E = Time spent auto-exploring this place.
 F = Levels seen in this place.
 G = Mean time per level.
                   A        B        C        D        E       F      G
               +--------+--------+--------+--------+--------+-----+--------+
         Total |   1582 |   1582 |      0 |      0 |    927 |   3 |  527.3 |
       Dungeon |   1582 |   1582 |      0 |      0 |    927 |   3 |  527.3 |
               +--------+--------+--------+--------+--------+-----+--------+

Top non-repeatable levels by time:
     D:2: 804 daAuts
     D:1: 452 daAuts
     D:3: 326 daAuts
